 Dungeon Crawl Stone Soup version 0.26.1-2-gb8aa6d0 (webtiles) character file.

Game seed: 5617835410192042465

941 Geeful the Covert (level 8, -2/55 HPs)
             Began as an Octopode Delver on Apr 3, 2021.
             Was a Follower of Sif Muna.
             Slain by a sky beast (5 damage)
             ... on level 5 of the Dungeon.
             The game lasted 00:17:45 (6726 turns).

Geeful the Covert (Octopode Delver)                 Turns: 6726, Time: 00:17:45

Health: -2/55      AC:  1    Str: 11    XL:     8   Next: 12%
Magic:  12/12      EV: 15    Int: 21    God:    Sif Muna [*.....]
Gold:   287        SH:  5    Dex: 13    Spells: 12/12 levels left

rFire    . . .     SeeInvis +   a - +0 short sword
rCold    . . .     Faith    .   (no shield)
rNeg     . . .     Spirit   .   (helmet restricted)
rPois    .         Reflect  +   r - amulet of reflection
rElec    .         Harm     .   j - ring of see invisible
rCorr    .         Rampage  .   s - +6 ring of intelligence
Will     .....                  w - ring of stealth
Stlth    ++++++....             (no ring)
HPRegen  0.18/turn              (no ring)
MPRegen  0.13/turn              (no ring)
                                (no ring)
                                (no ring)

@: mighty
A: almost no armour, stealthy swim, amphibious, 8 rings, constrict 8, camouflage
1, gelatinous body 1
a: Renounce Religion, Channel Magic


You were on level 5 of the Dungeon.
You worshipped Sif Muna.
Sif Muna was aware of your devotion.
You visited 1 branch of the dungeon, and saw 6 of its levels.
You also visited: Sewer.

You collected 287 gold pieces.

Inventory:

Hand Weapons
 a - a +0 short sword (weapon)
Magical Staves
 v - an uncursed staff of earth
Jewellery
 j - a ring of see invisible (left tentacle)
 r - an amulet of reflection (around mantle)
 s - a +6 ring of intelligence (right tentacle)
 w - a ring of stealth (on tentacle)
Wands
 f - a wand of digging (8)
Scrolls
 b - 3 scrolls of fog
 c - a scroll of magic mapping
 d - 2 scrolls of fear
 g - 2 scrolls of identify
 h - 2 scrolls of amnesia
 i - 3 scrolls of remove curse
 k - 2 scrolls of blinking
 m - 3 scrolls of teleportation
Potions
 e - a potion of haste
 l - 2 potions of mutation
 n - a potion of lignification {unknown}
 p - a potion of degeneration {unknown}


   Skills:
 + Level 5.3 Fighting
 - Level 2.0 Short Blades
 + Level 4.9 Dodging
 + Level 9.3 Stealth
 + Level 2.8 Spellcasting
 + Level 2.7 Invocations


You had 12 spell levels left.
You didn't know any spells.
Your spell library was empty.

Dungeon Overview and Level Annotations

Branches:
Dungeon (6/15)             Temple (0/1) D:4           Sewer (visited)

Altars:
Okawaru
Sif Muna
Vehumet
Zin
The Shining One

Annotations:
D:4 Blork the orc, Edmund


Innate Abilities, Weirdness & Mutations

You cannot wear most types of armour.
You are very stealthy in the water. (Stealth+)
You are amphibious.
You can wear up to eight rings at the same time.
You can use your tentacles to constrict eight enemies at once.
Your skin changes colour to match your surroundings (Stealth+).
Your rubbery body absorbs attacks. (AC +1, EV +1)


Message History

The sky beast hits you.
* * * LOW HITPOINT WARNING * * *
The sky beast shocks you.
* * * LOW HITPOINT WARNING * * *
You barely miss the sky beast.
The sky beast is heavily wounded.
The sky beast closely misses you.
You barely miss the sky beast.
The sky beast is heavily wounded.
The sky beast closely misses you.
You closely miss the sky beast.
The sky beast is heavily wounded.
The sky beast misses you.
Okay, then.
You hit the sky beast. You squeeze the sky beast.
The sky beast is severely wounded.
The sky beast hits you.
* * * LOW HITPOINT WARNING * * *
The sky beast shocks you.
You die...

#..#.###.##...# #.....####.#
.........##...###..........#
#....####.....'.#.....######
#.. +........#.######### #
####.#...#.≈≈≈≈.#..# #
...###.#..≈≈≈÷#..##. #####
#.#..≈≈≈≈#....
#####.#...≈≈≈#..#
#.gY@.......≈#..#
#.###.###.......# #.
##.......+.......## #.
#.g..#.###........# .
#.#####.##.#.# #......#.##
..##.....#†##<#.# #......#..#
.....g.....####.# #......##.#
......†.........###########.#
#.....8..8..##≈≈≈≈≈≈≈#### #.#


You could see a sky beast (invisible) and a gnoll.

Vanquished Creatures
  Grinder (D:4)
  A sky beast (D:3)
  The ghost of snorb the Chopper, an amateur HOBe of Trog (D:3)
  An ogre (D:4)
  A bullfrog zombie (D:5)
  An orc priest (D:3)
  A centaur skeleton (D:4)
  Crazy Yiuf (D:2)
  Jessica (D:2)
  A worker ant (D:2)
  Terence (D:2)
  Robin (D:2)
  A worker ant zombie (D:5)
  7 adders
  An ufetubus (D:5)
  12 oozes
  2 worms
  3 dart slugs
  12 leopard geckos
  15 orcs
  5 bats
  12 giant cockroaches
  9 goblins
  6 hobgoblins
  4 jackals (D:5)
  6 kobolds
  A quokka (D:5)
  18 ball pythons
  13 frilled lizards
  8 rats
147 creatures vanquished.

Notes
Turn   | Place    | Note
-------+----------+-------------------------------------------
     0 | D:5      | Geeful the Octopode Delver began the quest for the Orb.
     0 | D:5      | Reached XP level 1. HP: 16/16 MP: 1/1
    81 | D:5      | Found a glowing drain.
    87 | D:5      | Reached XP level 2. HP: 9/21 MP: 2/2
   250 | Sewer    | Entered a sewer
   434 | Sewer    | Reached skill level 7 in Stealth
   434 | Sewer    | Reached XP level 3. HP: 22/26 MP: 3/3
   877 | Sewer    | Reached XP level 4. HP: 32/32 MP: 4/4
  1285 | Sewer    | Reached XP level 5. HP: 37/37 MP: 5/5
  1724 | D:5      | Noticed a sky beast
  1752 | D:5      | Reached skill level 8 in Stealth
  1902 | D:4      | Noticed an ogre
  1961 | D:2      | Noticed Terence
  1966 | D:2      | Killed Terence
  1971 | D:2      | Found a faded altar of an unknown god.
  2046 | D:1      | Reached XP level 6. HP: 42/44 MP: 6/6
  2879 | D:2      | Reached skill level 1 in Spellcasting
  3010 | D:2      | Found a runed translucent door.
  3011 | D:2      | Noticed Crazy Yiuf
  3018 | D:2      | Killed Crazy Yiuf
  3113 | D:2      | Noticed Robin
  3127 | D:2      | Killed Robin
  3448 | D:2      | Noticed Jessica
  3450 | D:2      | Killed Jessica
  3648 | D:2      | Found a shimmering blue altar of Sif Muna.
  3892 | D:2      | Became a worshipper of Sif Muna the Loreminder
  4284 | D:3      | Found a glowing silver altar of Zin.
  4465 | D:3      | Noticed a sky beast
  4478 | D:3      | Killed a sky beast
  4479 | D:3      | Reached skill level 1 in Invocations
  4479 | D:3      | Reached XP level 7. HP: 38/49 MP: 9/9
  4601 | D:3      | Found a radiant altar of Vehumet.
  4909 | D:3      | Found a glowing golden altar of the Shining One.
  5356 | D:3      | Found a runed translucent door.
  5357 | D:3      | Noticed snorb's ghost (amateur HOBe)
  5767 | D:3      | Killed snorb's ghost
  5768 | D:3      | Reached skill level 5 in Fighting
  5934 | D:4      | Reached * piety under Sif Muna
  5935 | D:4      | Reached skill level 9 in Stealth
  6158 | D:4      | Noticed Grinder
  6170 | D:4      | Killed Grinder
  6171 | D:4      | Reached XP level 8. HP: 51/55 MP: 10/12
  6194 | D:4      | Noticed Blork the orc
  6222 | D:4      | Found an iron altar of Okawaru.
  6581 | D:4      | Found a staircase to the Ecumenical Temple.
  6606 | D:4      | Noticed Edmund
  6726 | D:5      | Slain by a sky beast

Illustrated notes

Levels and vault maps discovered:
D:1:      dpeg_arrival_pits, layout_loops_ring, minmay_tromino_mix6
D:2:      layout_loops_ring, led_sif_pool, chequers_ecumenical_altar_simple,
          uniq_terence, uniq_jessica, uniq_crazy_yiuf_cottage, uniq_robin
D:3:      layout_basic, zin_scriptorium, lemuel_coloured_pillars_altar,
          nicolae_tso_carved_into_rock, gammafunk_ghost_grave,
          minmay_crystal_water
D:4:      layout_cave_pools, minmay_temple_entry_fiery,
          kennysheep_big_empty_room, okawaru_ov_weapons_minmay, uniq_edmund,
          uniq_blork_the_orc, uniq_grinder
D:5:      wander_river, layout_basic, minitemple, portal_sewer_entry_b
D:6:      layout_loops_ring, chequers_serial_rivers_micro_e, grunt_gozag_statues

Skill      XL: |  1  2  3  4  5  6  7 |
---------------+----------------------+-----
Stealth        | 7 8 9 |  9.3
Dodging        | 3 4 |  4.9
Fighting       | 4 5 |  5.3
Spellcasting   | 1 2 |  2.8
Invocations    | 1 2 |  2.7
Short Blades   | |  2.0

Action                   |  1- 3 |  4- 6 |  7- 9 || total
-------------------------+-------+-------+-------++-------
Melee: Short sword       |    49 |   199 |    96 ||   344
       Constrict         |     7 |    40 |    14 ||    61
       Tentacles         |     3 |    34 |    20 ||    57
Evoke: Wand              |       |       |     1 ||     1
  Use: Scroll            |       |     1 |     7 ||     8
       Potion            |       |       |     5 ||     5
 Stab: Sleeping          |     7 |    31 |     5 ||    43
Armor: Skin              |     1 |    11 |     4 ||    16
Dodge: Dodged            |    42 |   123 |    46 ||   211
Block: Other             |       |     7 |    15 ||    22
